 Dungeon Crawl Stone Soup version 0.28-a0-1184-g53156a8862 (webtiles) character file.

Game seed: 5541519911338869314

259 mainiacjoe the Sneak (level 6, 0/42 HPs)
             Began as an Octopode Delver on Dec 17, 2021.
             Slain by an orc wizard (2 damage)
             ... on level 4 of the Dungeon.
             The game lasted 00:11:00 (4468 turns).

mainiacjoe the Sneak (Octopode Delver)              Turns: 4468, Time: 00:11:01

Health: 0/42       AC:  1    Str: 12    XL:     6   Next: 17%
Magic:  6/6        EV: 13    Int: 12    God:
Gold:   121        SH:  0    Dex: 15    Spells: 5/5 levels left

rFire   . . .      SeeInvis .   a - +0 falchion
rCold   . . .      Faith    .   (no shield)
rNeg    . . .      Spirit   .   (helmet restricted)
rPois   .          Reflect  .   (no amulet)
rElec   .          Harm     .   (no ring)
rCorr   .          Rampage  .   (no ring)
Will    .....                   (no ring)
Stlth   ++++......              (no ring)
HPRegen 0.14/turn               (no ring)
MPRegen 0.10/turn               (no ring)
                                (no ring)
                                (no ring)

@: no status effects
A: almost no armour, amphibious, 8 rings, camouflage 1, gelatinous body 1,
(nimble swimmer 1), tentacles
a: no special abilities


You were on level 4 of the Dungeon.
You visited 1 branch of the dungeon, and saw 5 of its levels.

You collected 121 gold pieces.

Inventory:

Hand Weapons
 a - a +0 falchion (weapon)
 q - a +1 dagger of holy wrath
Missiles
 g - 3 poisoned darts
 h - 39 arrows
 i - 41 stones (quivered)
Magical Staves
 n - a staff of poison
Wands
 f - a wand of digging (3)
Scrolls
 b - 2 scrolls of fog
 c - 2 scrolls of magic mapping
 d - 2 scrolls of fear
 k - 2 scrolls of teleportation {unknown}
 m - a scroll of vulnerability {unknown}
Potions
 e - 2 potions of haste
 j - 2 potions of curing {unknown}
 l - 2 potions of attraction {unknown}
 o - a potion of might {unknown}
 p - 2 potions of ambrosia {unknown}


   Skills:
 - Level 3.0 Fighting
 + Level 6.3 Long Blades
 - Level 2.0 Dodging
 - Level 6.6 Stealth


You had 5 spell levels left.
You didn't know any spells.
Your spell library contained the following spells:

 Spells                   Type           Power      Damage    Failure   Level
 Sandblast                Erth           0%         2d4       32%         1
 Blink                    Tloc           0%         N/A       45%         2
 Lesser Beckoning         Tloc           0%         N/A       69%         3
 Manifold Assault         Tloc           0%         N/A       100%        5
 Chain Lightning          Conj/Air       0%         N/A       100%        9
 Animate Armour           Summ/Erth      Unusable   N/A       N/A         4

Dungeon Overview and Level Annotations

Branches:
Dungeon (5/15)
 Temple: D:4-7

Altars:
Fedhas
Trog
Uskayaw

Shops:
D:2 (

Annotations:
D:4 exclusion: ogre


Innate Abilities, Weirdness & Mutations

You cannot wear most types of armour.
You are amphibious.
You can wear up to eight rings at the same time.
Your skin changes colour to match your surroundings (Stealth+).
Your rubbery body absorbs attacks. (AC +1, EV +1)
((You are camouflaged near water. (Stealth+)))
You have tentacles for arms and can constrict up to eight enemies at once.


Message History

The orc shouts!
The stone hits the orc.
The orc is moderately wounded.
You throw a stone.
The stone hits the orc but does no damage.
The orc is moderately wounded.
You barely miss the orc. Your grab misses the orc.
The orc is moderately wounded.
A puff of flame appears from out of thin air!
The puff of flame misses you.
You hit the orc. Your grab misses the orc.
The orc is almost dead.
The orc closely misses you.
You hit the orc but do no damage. Your grab misses the orc.
The orc is almost dead.
The orc hits you with a +0 short sword.
You closely miss the orc. Your grab misses the orc. You squeeze the orc.
You kill the orc!
Something hits you. The orc hits you with a +0 war axe. Something hits you.
You see here a +0 short sword.
You barely miss the orc. You grab the orc.
You constrict the orc, but do no damage.
The orc closely misses you. Something hits you.
You hit the orc.
The orc is heavily wounded.
You constrict the orc. The orc hits you with a +0 war axe! Something hits you.
You hit the orc but do no damage. You squeeze the orc.
You kill the orc!
Something hits you.
You hit something but do no damage. Something hits you.
* * * LOW HITPOINT WARNING * * *
You hit something. Your squeeze misses something. Something hits you.
* * * LOW HITPOINT WARNING * * *
You barely miss something. Something hits you.
* * * LOW HITPOINT WARNING * * *
You miss something. You squeeze something! Something hits you.
* * * LOW HITPOINT WARNING * * *
You hit something. Something hits you.
You die...

..( #.# #(#
#(## #(.#
#(.# #{)#
#.@#####
#......#
##.###.#
#####...##.#
..........#.#
####........#
#.........#
#........##
.###.#.....##


There were no monsters in sight!

Vanquished Creatures
  Jessica (D:2)
  9 gnolls
  A howler monkey skeleton (D:4)
  5 adders
  An ufetubus (D:4)
  5 worms
  A dart slug (D:2)
  3 orcs
  5 bats
  7 endoplasms
  A giant cockroach (D:2)
  9 goblins
  4 hobgoblins
  2 jackals (D:1)
  3 quokkas
  6 ball pythons
  2 kobolds
  2 rats (D:1)
67 creatures vanquished.

Notes
Turn   | Place    | Note
-------+----------+-------------------------------------------
     0 | D:5      | mainiacjoe the Octopode Delver began the quest for the Orb.
     0 | D:5      | Reached XP level 1. HP: 16/16 MP: 1/1
    16 | D:4      | Noticed an orc priest
   325 | D:3      | Got the Grimoire of Flying Earth
   371 | D:3      | Reached XP level 2. HP: 20/21 MP: 2/2
   411 | D:2      | Reached XP level 3. HP: 17/26 MP: 3/3
   675 | D:2      | Reached XP level 4. HP: 4/31 MP: 4/4
  1494 | D:1      | Found a faded altar of an unknown god.
  1832 | D:2      | Noticed Jessica
  1852 | D:2      | Killed Jessica
  1853 | D:2      | Reached skill level 5 in Long Blades
  1853 | D:2      | Reached XP level 5. HP: 25/36 MP: 5/5
  3619 | D:2      | Found Kobuary's Weapon Emporium.
  3813 | D:3      | Reached XP level 6. HP: 42/42 MP: 6/6
  4158 | D:3      | Found a bloodstained altar of Trog.
  4158 | D:3      | Found a faded altar of an unknown god.
  4166 | D:3      | Found a blossoming altar of Fedhas.
  4168 | D:3      | Found a hide-covered altar of Uskayaw.
  4170 | D:3      | Found a faded altar of an unknown god.
  4467 | D:4      | HP: 2/42 [something (5)]
  4468 | D:4      | Slain by an orc wizard

Illustrated notes

Levels and vault maps discovered:
D:1:      lightli_arrival_boilingwater, layout_basic,
          shapermc_ecumenical_altar_gd, feat_on_display
D:2:      layout_basic, serial_shops, nicolae_shop_bloodbath_and_beyond,
          uniq_jessica
D:3:      layout_loops_ring, chequers_temple_overflow_minitemple
D:4:      layout_loops_ring, mainiacjoe_overflow_tiny_flanked,
          kennysheep_little_box, uniq_edmund
D:5:      layout_rooms, nicolae_concentric_dashed_squares_wild, uniq_menkaure,
          uniq_prince_ribbit1

Skill      XL: |  1  2  3  4  5 |
---------------+----------------+-----
Long Blades    | 3 4 5 6 |  6.3
Fighting       | |  3.0
Dodging        | |  2.0
Stealth        | |  6.6

Action                   |  1- 3 |  4- 6 || total
-------------------------+-------+-------++-------
Melee: Falchion          |    32 |   114 ||   146
       Constrict         |     8 |    26 ||    34
       Tentacles         |     6 |    27 ||    33
Throw: Dart              |     8 |     6 ||    14
       Stone             |     9 |   146 ||   155
 Stab: Sleeping          |     1 |     3 ||     4
Armor: Skin              |       |     5 ||     5
Dodge: Dodged            |    19 |    66 ||    85

Table legend: (Time is in decaauts)
 A = Elapsed time spent in this place.
 B = Non-inter-level travel time spent in this place.
 C = Inter-level travel time spent in this place.
 D = Time resting spent in this place.
 E = Time spent auto-exploring this place.
 F = Levels seen in this place.
 G = Mean time per level.
                   A        B        C        D        E       F      G
               +--------+--------+--------+--------+--------+-----+--------+
         Total |   4498 |   4273 |    225 |   1177 |   2403 |   5 |  899.6 |
       Dungeon |   4498 |   4273 |    225 |   1177 |   2403 |   5 |  899.6 |
               +--------+--------+--------+--------+--------+-----+--------+

Top non-repeatable levels by time:
     D:2: 1842 daAuts
     D:1: 1530 daAuts
     D:3: 851 daAuts
     D:4: 256 daAuts
     D:5: 18 daAuts
